 Dungeon Crawl Stone Soup version 0.31-a0-486-g8d68a81214 (webtiles) character file.

Game seed: 10332299736985017305

142 AstroCodex24 the Shield-Bearer (level 4, 0/38 HPs)
             Began as a Demigod Fighter on Aug 7, 2023.
             Slain by a kobold
             ... wielding a +0 short sword of freezing
              (1 damage)
             ... on level 5 of the Dungeon.
             The game lasted 00:02:31 (523 turns).

AstroCodex24 the Shield-Bearer (Demigod Fighter)     Turns: 523, Time: 00:02:31

Health: 0/38       AC:  6    Str: 21    XL:     4   Next: 74%
Magic:  6/6        EV:  9    Int: 10    God:
Gold:   67         SH:  5    Dex: 13    Spells: 3/3 levels left

rFire   . . .        a - +0 war axe
rCold   . . .        c - +0 buckler
rNeg    . . .        b - +0 scale mail
rPois   .            (no helmet)
rElec   .            (no cloak)
rCorr   .            (no gloves)
SInv    .            (no boots)
Will    .....        (no amulet) Stlth
                     (no ring)
HPRegen 0.26/turn    (no ring)
MPRegen 0.10/turn

%: no passive effects
@: no status effects
A: high MP 1, forlorn, divine attributes
a: no special abilities


You were on level 5 of the Dungeon.
You visited 1 branch of the dungeon, and saw 5 of its levels.

You collected 67 gold pieces.

Inventory:

Hand Weapons
 a - a +0 war axe (weapon)
Armour
 b - a +0 scale mail (worn)
 c - a +0 buckler (worn)
Scrolls
 e - a scroll of noise {unknown}
 f - a scroll of enchant armour {unknown}
 g - a scroll of teleportation {unknown}
Potions
 d - a potion of might


   Skills:
 + Level 3.3 Fighting
 + Level 3.0 Axes
 + Level 3.3 Armour
 + Level 0.5 Dodging
 + Level 3.4 Shields


You had 3 spell levels left.
You didn't know any spells.
Your spell library was empty.

Dungeon Overview and Level Annotations

Branches:
Dungeon (5/15)
 Temple: D:4-7


Innate Abilities, Weirdness & Mutations

You have an increased reservoir of magic. (+10% MP)
You shall have no god before yourself.
Your divine heritage dramatically boosts your attributes as you level up.


Message History

You slash the kobold brigand!
The kobold brigand is moderately wounded.
The kobold brigand hits you with a +0 whip!
You block the kobold brigand's attack. The kobold hits you but does no damage.
The orc hits you with a +0 short sword.
* * * LOW HITPOINT WARNING * * *
You hit the kobold brigand.
The kobold brigand is moderately wounded.
You slash the orc! You hit the kobold. You block the orc's attack.
The kobold hits you but does no damage. The kobold brigand barely misses you.
You hit the kobold brigand but do no damage.
The kobold brigand is moderately wounded.
You hit the orc.
You kill the orc!
You closely miss the kobold. The kobold hits you with a +0 dagger.
* * * LOW HITPOINT WARNING * * *
You block the kobold brigand's attack.
You hit the kobold brigand but do no damage.
The kobold brigand is moderately wounded.
You barely miss the kobold. You closely miss the kobold.
The kobold closely misses you. The kobold hits you but does no damage.
The kobold brigand hits you with a +0 whip.
* * * LOW HITPOINT WARNING * * *
You block the kobold brigand's attack. The kobold hits you but does no damage.
The kobold closely misses you.
You slash the kobold brigand!
The kobold brigand is severely wounded.
You barely miss the kobold. You hit the kobold.
You kill the kobold!
The kobold completely misses you.
The kobold brigand hits you with a +0 whip.
* * * LOW HITPOINT WARNING * * *
You slash the kobold brigand!
You kill the kobold brigand!
You hit the kobold. You slash the kobold!
You kill the kobold!
The kobold hits you with a +0 short sword of freezing.
* * * LOW HITPOINT WARNING * * *
The kobold freezes you.
You die...

#########
#.......#### #
#).......#
#.##<#.....#####
#..............#
####.#......##.#
#@#......#
.....oofK......$..#
....##..##$........
.. ........####.###
...#.....# ...
o........# ...
..#.####.# .. ...#.
#..


You could see a sleepcap, 2 orcs and a kobold.

Vanquished Creatures
  A kobold brigand (D:5)
  A scorpion (D:5)
  A sleepcap (D:4)
  4 adders
  A dart slug (D:4)
  3 orcs
  A ball python (D:4)
  2 bats (D:1)
  2 hobgoblins
  5 kobolds
21 creatures vanquished.

Notes
Turn   | Place    | Note
-------+----------+-------------------------------------------
     0 | D:1      | AstroCodex24 the Demigod Fighter began the quest for the
                  | Orb.
     0 | D:1      | Reached XP level 1. HP: 18/18 MP: 3/3
   248 | D:4      | Reached XP level 2. HP: 8/25 MP: 4/4
   384 | D:5      | Entered Level 5 of the Dungeon
   384 | D:5      | Noticed a scorpion
   392 | D:5      | Killed a scorpion
   393 | D:5      | Reached XP level 3. HP: 21/31 MP: 5/5
   393 | D:5      | Reached XP level 4. HP: 26/38 MP: 6/6
   398 | D:5      | Noticed a kobold brigand
   523 | D:5      | Killed a kobold brigand
   523 | D:5      | HP: 1/38 [kobold/+0 short sword of freezing (3)]
   523 | D:5      | Slain by a kobold

Illustrated notes

Levels and vault maps discovered:
D:1:      dpeg_chamrin_arrival_tetris, layout_basic
D:2:      layout_loops_ring, basic_altar
D:3:      layout_loops_corners, grunt_qazlal_clouds, grunt_ministairs_3,
          minmay_splitting_lines, hangedman_decor_clover_reticule,
          minmay_hedge_maze
D:4:      layout_basic, fedhas_ov_isle_minmay
D:5:      layout_basic, nzn_overflow_gifts_of_might_and_magic,
          old_standard_altar, gammafunk_ghost_mausoleum

Skill      XL: |  1  2  3  4 |
---------------+-------------+-----
Axes           | 2 3 |  3.0
Armour         | 3 |  3.3
Fighting       | 3 |  3.3
Shields        | 3 |  3.4
Dodging        | |  0.5

Action                     |  1- 3 |  4- 6 || total
---------------------------+-------+-------++-------
  Melee: War axe           |    55 |    25 ||    80
 Armour: Scale mail        |    47 |    17 ||    64
  Dodge: Dodged            |    34 |    20 ||    54
  Block: Buckler           |    24 |    13 ||    37

Table legend: (Time is in decaauts)
 A = Elapsed time spent in this place.
 B = Non-inter-level travel time spent in this place.
 C = Inter-level travel time spent in this place.
 D = Time resting spent in this place.
 E = Time spent auto-exploring this place.
 F = Levels seen in this place.
 G = Mean time per level.
                   A        B        C        D        E       F      G
               +--------+--------+--------+--------+--------+-----+--------+
         Total |    559 |    559 |      0 |      0 |      0 |   5 |  111.8 |
       Dungeon |    559 |    559 |      0 |      0 |      0 |   5 |  111.8 |
               +--------+--------+--------+--------+--------+-----+--------+

Top non-repeatable levels by time:
     D:4: 357 daAuts
     D:1: 106 daAuts
     D:5: 54 daAuts
     D:3: 37 daAuts
     D:2: 3 daAuts
